 Dungeon Crawl Stone Soup version 0.23-a0-270-gab6feb3 (webtiles) character file.

31195 PegasusDuck the Quickloader (level 13, -2/136 HPs)
             Began as a Demonspawn Fire Elementalist on Oct 1, 2018.
             Was a High Priest of Cheibriados.
             Slain by a six-headed hydra (6 damage)
             ... on level 5 of the Lair of Beasts.
             The game lasted 00:57:19 (23336 turns).

PegasusDuck the Quickloader (DsFE)                 Turns: 23336, Time: 00:57:21

Health: -2/136     AC: 17    Str: 27    XL:     13   Next: 24%
Magic:  0/20       EV: 16    Int: 36    God:    Cheibriados [*****.]
Gold:   1039       SH:  0    Dex: 32    Spells: 4/22 levels left

rFire    + . .     SeeInvis +   a - +7 flail (protect)
rCold    . . .     Gourm    .   (no shield)
rNeg     . . .     Faith    .   F - +1 leather armour {rPois}
rPois    +         Spirit   +   n - +2 hat {SInv}
rElec    .         Reflect  .   e - +0 cloak
rCorr    .         Harm     .   w - +0 pair of gloves
MR       .....                  g - +0 pair of boots
Stlth    ..........             z - amulet of guardian spirit
HPRegen  0.32/turn              c - ring of Robustness {AC+8}
MPRegen  0.17/turn              j - +4 ring of dexterity

@: berserking, about to teleport, very slightly contaminated, very slow
A: claws 2, fire resistance 1, nightstalker 2, flame cloud immunity, sturdy
frame 1
a: Bend Time, Temporal Distortion, Slouch, Step From Time, Renounce Religion


You were on level 5 of the Lair of Beasts.
You worshipped Cheibriados.
Cheibriados was extremely pleased with you.
You were not hungry.

You visited 3 branches of the dungeon, and saw 16 of its levels.
You also visited: Ice Cave.

You collected 1039 gold pieces.

Inventory:

Hand Weapons
 a - a +7 flail of protection (weapon)
 b - the +5 arbalest "Pitat" {elec, rPois Dex+3}
   (You found it on level 1 of the Lair of Beasts)

   It charges the ammunition it shoots with electricity; occasionally upon a
   hit, such missiles may discharge and cause terrible harm.
   It affects your dexterity (+3).
   It protects you from poison.
Missiles
 A - 41 bolts
Armour
 e - a +0 cloak (worn)
 g - a +0 pair of boots (worn)
 n - a +2 hat of see invisible (worn)
 q - a +0 shield
 w - a +0 pair of gloves (worn)
 F - a +1 leather armour of poison resistance (worn)
Magical Staves
 k - an uncursed staff of cold
Jewellery
 c - the ring of Robustness (left hand) {AC+8}
   (You found it on level 9 of the Dungeon)

   [ring of protection]

   It affects your AC (+8).
 j - a +4 ring of dexterity (right hand)
 p - an uncursed ring of ice
 z - an amulet of guardian spirit (around neck)
 I - a +5 ring of dexterity
 N - an uncursed ring of stealth {unknown}
Wands
 d - a wand of iceblast (8)
 y - a wand of digging (14)
 B - a wand of paralysis (10)
 M - a wand of disintegration (8)
Scrolls
 h - 4 scrolls of teleportation
 r - 8 scrolls of magic mapping
 u - 4 scrolls of immolation
 x - 2 scrolls of remove curse
 E - a scroll of amnesia
 H - 2 scrolls of holy word {unknown}
 J - a scroll of enchant armour {unknown}
 K - 2 scrolls of identify
Potions
 i - 2 potions of curing
 l - a potion of agility
 o - 3 potions of magic
 s - a potion of might {unknown}
 t - a potion of invisibility {unknown}
 v - 2 potions of berserk rage
 C - a potion of degeneration {unknown}
 D - 4 potions of flight {unknown}
 L - a potion of ambrosia {unknown}
Comestibles
 f - 25 rations
 O - 3 chunks of flesh


   Skills:
 - Level 5.0 Fighting
 - Level 4.2 Maces & Flails
 + Level 12.9 Crossbows
 - Level 4.0 Dodging
 - Level 5.0 Stealth
 - Level 7.0 Shields
 - Level 5.0 Spellcasting
 - Level 7.4 Conjurations
 - Level 7.1 Fire Magic
 - Level 7.9 Invocations
 - Level 2.0 Evocations


You had 4 spell levels left.
You knew the following spells:

 Your Spells              Type           Power        Failure   Level  Hunger
a - Flame Tongue          Conj/Fire      #####        1%          1    None
b - Throw Flame           Conj/Fire      ######       1%          2    None
c - Conjure Flame         Conj/Fire      ######..     1%          3    None
d - Sticky Flame          Conj/Fire      ######..     1%          4    ###....
e - Fireball              Conj/Fire      ######....   5%          5    #####..
f - Regeneration          Chrm/Necr      #.........   12%         3    None

Your spell library contained the following spells:

 Spells                   Type           Power        Failure   Level  Hunger
 Dazzling Spray           Conj/Hex       #####.       2%          3    None
 Inner Flame              Hex/Fire       ####....     2%          3    None
 Animate Skeleton         Necr           N/A          3%          1    None
 Beastly Appendage        Tmut           #.....       3%          1    None
 Corona                   Hex            #......      3%          1    None
 Pain                     Necr           #...         3%          1    None
 Summon Butterflies       Summ           #.......     3%          1    None
 Ensorcelled Hibernation  Hex/Ice        #.....       6%          2    None
 Passwall                 Tmut/Erth      #.......     6%          2    None
 Sticks to Snakes         Tmut           #.......     6%          2    None
 Swiftness                Chrm/Air       #.......     6%          2    None
 Confuse                  Hex            #.......     12%         3    None
 Spectral Weapon          Hex/Chrm       #.......     12%         3    None
 Spider Form              Tmut/Pois      #.........   12%         3    None
 Summon Guardian Golem    Hex/Summ       #.......     12%         3    None
 Tukima's Dance           Hex            #.......     12%         3    None
 Vampiric Draining        Necr           #.........   12%         3    None
 Animate Dead             Necr           N/A          36%         4    ###....
 Ice Form                 Ice/Tmut       #.......     36%         4    ###....
 Passage of Golubria      Tloc           N/A          36%         4    ###....
 Blade Hands              Tmut           #.........   71%         5    #####..
 Excruciating Wounds      Chrm/Necr      #.........   71%         5    #####..
 Lee's Rapid Deconstruct  Erth           #.........   71%         5    #####..
 Summon Mana Viper        Hex/Summ       #.......     71%         5    #####..
 Darkness                 Hex            #.........   99%         6    ######.
 Invisibility             Hex            #.......     99%         6    ######.


Dungeon Overview and Level Annotations

Branches:
Dungeon (10/15)            Temple (1/1) D:5            Lair (5/6) D:10
 Shoals (0/4) Lair:3        Snake (0/4) Lair:3          Orc (0/2) D:9
  Slime: Lair:5-6

Altars:
Ashenzari
Cheibriados
Dithmenos
Elyvilon
Fedhas
Gozag
Hepliaklqana
Kikubaaqudgha
Makhleb
Nemelex Xobeh
Okawaru
Qazlal
Ru
Sif Muna
Trog
Uskayaw
Vehumet
Wu Jian
Xom
Yredelemnul
Zin
The Shining One

Annotations:
D:8 Harold
D:10 1 runed door, MisterFreud's ghost, journeyman KoBe
Lair:1 Urug


Innate Abilities, Weirdness & Mutations

You have very sharp fingernails.
Your flesh is heat resistant. (rF+)
You are significantly more attuned to the shadows.
You are immune to clouds of flame.
Your movements are slightly less encumbered by armour. (ER -2)


Message History

Unknown command.
What are your orders? t - Shout!
Orders for allies: a - Attack new target. r - Retreat! s - Stop attacking. g - Guard the area. f - Follow me.
Anything else - Cancel.
Okay, then.
Unknown command.
Okay, then.
Okay, then.
Evoke which item? (* to show all) (? for menu, Esc to quit)
Okay, then.
It was a potion of berserk rage.
A red film seems to cover your vision as you go berserk!
Cheibriados protects you from inadvertent hurry.
You feel mighty!
The six-headed hydra bites you but does no damage. x3
The six-headed hydra bites you.
You die...

##.### #... #.##.###...
#...#.##... ##......#..
### #####.#.....#.. ##P#
####.#..÷....P##P.
##..###...##........###.
#....###†.##......... #.
#.#...#@............. ..
####.HD##........... ...
#....l##........... .
##....†###.........
#.P...............
#.................
..................
#..............
#......#.....(..


You could see a six-headed hydra, a basilisk and a friendly juvenile weirdshock
beast.

Vanquished Creatures
  Gastronok (Lair:3)
  2 hydras
  2 anacondas (Lair:4)
  A two-headed ogre (D:9)
  Nergalle (Lair:4)
  An ugly thing (IceCv)
  A manticore (D:10)
  2 ice statues (IceCv)
  4 black mambas
  A torpor snail (Lair:5)
  8 spiny frogs
  5 komodo dragons
  6 blink frogs
  5 hippogriffs
  2 wyverns
  4 basilisks
  20 yaks
  2 steam dragons (D:10)
  2 insubstantial wisps (D:10)
  2 nagas (Lair:3)
  2 wargs (D:10)
  18 water moccasins
  10 porcupines
  A black bear (D:10)
  10 orc warriors
  An eye of draining (D:10)
  9 ice beasts
  5 sky beasts
  6 ogres
  A centaur (D:7)
  17 wolves (Lair:3)
  A big kobold (D:7)
  10 crocodiles
  12 bullfrogs
  A wyvern skeleton (D:10)
  A water moccasin zombie (D:8)
  2 scorpions
  20 killer bees
  3 electric eels (Lair:4)
  2 howler monkeys (D:10)
  A centaur zombie (D:10)
  4 crimson imps
  6 hounds
  4 quasits
  3 jellies
  7 orc priests
  Ijyb (D:3)
  2 centaur skeletons
  4 iguanas
  8 orc wizards
  4 worker ants
  5 hell rats (Lair:3)
  2 hound skeletons
  A howler monkey zombie (D:8)
  11 adders
  3 gnolls (D:9)
  4 shadow imps
  12 white imps (Lair:4)
  6 oozes
  An adder zombie (D:6)
  3 worms
  3 dart slugs
  3 leopard geckos
  47 orcs
  3 ball pythons
  6 giant cockroaches
  2 gnoll zombies (D:6)
  8 goblins
  6 hobgoblins
  6 jackals
  4 quokkas
  4 bats
  5 frilled lizards
  A jackal skeleton (D:5)
  10 kobolds
  3 leopard gecko skeletons
  A quokka zombie (D:5)
  9 rats
417 creatures vanquished.

Vanquished Creatures (collateral kills)
  A lindwurm (Lair:4)
  An ugly thing (IceCv)
2 creatures vanquished.

Vanquished Creatures (others)
  A sky beast (D:10)
  6 fungi
  13 plants
20 creatures vanquished.

Grand Total: 439 creatures vanquished

Notes
Turn   | Place    | Note
-------+----------+-------------------------------------------
     0 | D:1      | PegasusDuck the Demonspawn Fire Elementalist began the
                  | quest for the Orb.
     0 | D:1      | Reached XP level 1. HP: 13/13 MP: 3/3
   351 | D:1      | Gained mutation: You are slightly more attuned to the
                  | shadows. [demonic ancestry]
   351 | D:1      | Reached XP level 2. HP: 19/19 MP: 0/5
   893 | D:2      | Learned a level 2 spell: Throw Flame
   909 | D:2      | Found a burning altar of Makhleb.
   913 | D:2      | Found a glowing silver altar of Zin.
   913 | D:2      | Noticed an angel
   914 | D:2      | Noticed a green death
   944 | D:2      | Gained mutation: You have sharp fingernails. [demonic
                  | ancestry]
   944 | D:2      | Reached XP level 3. HP: 23/24 MP: 3/6
  1016 | D:2      | Found a shadowy altar of Dithmenos.
  1920 | D:3      | Gained mutation: Your movements are slightly less
                  | encumbered by armour. (ER -2) [demonic ancestry]
  1920 | D:3      | Reached XP level 4. HP: 23/30 MP: 3/8
  2228 | D:3      | Learned a level 3 spell: Conjure Flame
  2253 | D:3      | Reached skill level 1 in Evocations
  2380 | D:3      | Noticed Ijyb
  2414 | D:3      | Killed Ijyb
  2414 | D:3      | Reached XP level 5. HP: 31/35 MP: 0/10
  2620 | D:3      | Noticed an ogre
  2943 | D:4      | Found a glowing golden altar of the Shining One.
  4030 | D:5      | Entered Level 5 of the Dungeon
  4177 | D:5      | Gained mutation: You have very sharp fingernails. [demonic
                  | ancestry]
  4177 | D:5      | Reached XP level 6. HP: 30/41 MP: 0/11
  4285 | D:5      | Found a staircase to the Ecumenical Temple.
  4411 | Temple   | Entered the Ecumenical Temple
  4542 | Temple   | Became a worshipper of Cheibriados the Contemplative
  4596 | D:5      | Learned a level 4 spell: Sticky Flame
  5007 | D:5      | Noticed an ice beast
  5018 | D:5      | Killed an ice beast
  5018 | D:5      | Reached XP level 7. HP: 47/47 MP: 1/12
  5020 | D:5      | Reached skill level 1 in Fighting
  5020 | D:5      | Reached skill level 5 in Fire Magic
  5481 | D:5      | Reached * piety under Cheibriados
  5672 | D:5      | Reached skill level 1 in Invocations
  5890 | D:3      | Gained mutation: You are significantly more attuned to the
                  | shadows. [demonic ancestry]
  5890 | D:3      | Reached XP level 8. HP: 56/56 MP: 7/14
  6537 | D:6      | Found a radiant altar of Vehumet.
  6796 | D:6      | Reached ** piety under Cheibriados
  7205 | D:6      | Found a basalt altar of Yredelemnul.
  8306 | D:7      | Reached skill level 5 in Spellcasting
  8365 | D:7      | Found an ornate altar of the Wu Jian Council.
  8775 | D:8      | Gained mutation: Your flesh is heat resistant. (rF+)
                  | [demonic ancestry]
  8775 | D:8      | Reached XP level 9. HP: 48/64 MP: 7/16
  8782 | D:8      | Reached skill level 5 in Conjurations
  8802 | D:8      | Reached *** piety under Cheibriados
  9070 | D:8      | Noticed Harold
  9228 | D:8      | Reached skill level 5 in Stealth
  9371 | D:8      | Reached skill level 5 in Invocations
  9687 | D:8      | Reached skill level 5 in Fighting
  9783 | D:8      | Reached skill level 1 in Shields
  9825 | D:8      | Learned a level 5 spell: Fireball
 10209 | D:9      | Found an iron altar of Okawaru.
 10506 | D:9      | Noticed a two-headed ogre
 10514 | D:8      | Reached **** piety under Cheibriados
 10514 | D:8      | Reached skill level 5 in Shields
 11128 | D:9      | Killed a two-headed ogre
 11128 | D:9      | Reached XP level 10. HP: 63/74 MP: 11/17
 11186 | D:8      | Learned a level 3 spell: Regeneration
 11626 | D:9      | Found the ring of Robustness {AC+8}
 11897 | D:9      | Found a staircase to the Orcish Mines.
 13259 | D:10     | Entered Level 10 of the Dungeon
 13423 | D:10     | Reached skill level 1 in Maces & Flails
 13761 | D:10     | Found a runed door.
 13762 | D:10     | Noticed MisterFreud's ghost (journeyman KoBe)
 14075 | D:10     | Reached ***** piety under Cheibriados
 14713 | D:10     | Reached XP level 11. HP: 79/79 MP: 9/18
 14783 | D:10     | Found a staircase to the Lair.
 15459 | Lair:1   | Entered Level 1 of the Lair of Beasts
 15784 | Lair:1   | Identified the Collected Works on Supportive Enhancements
 15951 | Lair:1   | Got a warped arbalest
 15957 | Lair:1   | Identified the +5 arbalest "Pitat" {elec, rPois Dex+3} (You
                  | found it on level 1 of the Lair of Beasts)
 16298 | Lair:1   | Noticed Urug
 16483 | Lair:1   | Reached skill level 1 in Crossbows
 16730 | Lair:2   | Reached skill level 2 in Crossbows
 16793 | Lair:2   | Reached skill level 3 in Crossbows
 16951 | Lair:2   | Reached skill level 4 in Crossbows
 17276 | Lair:2   | Reached skill level 5 in Crossbows
 17661 | Lair:2   | Noticed a four-headed hydra
 17666 | Lair:2   | Killed a four-headed hydra
 17666 | Lair:2   | Reached skill level 6 in Crossbows
 17843 | Lair:2   | Reached skill level 7 in Crossbows
 18146 | Lair:3   | Found a staircase to the Snake Pit.
 18172 | Lair:3   | Reached XP level 12. HP: 41/86 MP: 0/19
 18398 | Lair:3   | Noticed Gastronok
 18557 | Lair:3   | Killed Gastronok
 18557 | Lair:3   | Reached skill level 8 in Crossbows
 18715 | Lair:3   | Reached skill level 9 in Crossbows
 18905 | Lair:3   | Found a staircase to the Shoals.
 18942 | Lair:3   | Reached ****** piety under Cheibriados
 19143 | Lair:3   | Reached skill level 10 in Crossbows
 19888 | Lair:4   | Found a frozen archway.
 20105 | IceCv    | Entered an ice cave
 20109 | IceCv    | Reached skill level 11 in Crossbows
 20269 | IceCv    | Found a transporter.
 21350 | IceCv    | Found a transporter.
 21726 | Lair:4   | Noticed an anaconda
 21726 | Lair:4   | Noticed a six-headed hydra
 21734 | Lair:4   | Killed an anaconda
 21842 | Lair:4   | Reached skill level 12 in Crossbows
 21950 | Lair:4   | Gained mutation: You are immune to clouds of flame.
                  | [demonic ancestry]
 21950 | Lair:4   | Reached XP level 13. HP: 90/91 MP: 13/20
 22131 | Lair:4   | Noticed Nergalle
 22139 | Lair:4   | Killed Nergalle
 23335 | Lair:5   | HP: 3/91 [six-headed hydra (9)]
 23336 | Lair:5   | Slain by a six-headed hydra

Vault maps used:
D:1:      sevenhm_arrival_forest_fort_small_1
D:2:      kennysheep_six_static_rooms, grunt_temple_overflow_order_and_chaos_2,
          grunt_dithmenos_smoke
D:3:      uniq_ijyb
D:4:      first_ration, small_statue_intersection, nicolae_tso_carved_into_rock
D:5:      minmay_temple_entry_enclosed_plants, kennysheep_small_circle
D:6:      lemuel_zombie_altar_yredelemnul, basic_altar
D:7:      lemuel_round_altar, serial_corexii_hall, corexii_hall_statues_x,
          corexii_hall_statues_x
D:8:      uniq_harold
D:9:      old_standard_altar, david_orc_2, grunt_pizzeria
D:10:     erik_lair_orcish_takeover, gammafunk_ghost_grave, hangedman_misty_isle
Temple:   nicolae_temple_elliptical
Lair:1:   lemuel_fruit_fields, uniq_urug
Lair:3:   shoals_dummy_entry, guppyfry_snake_entry_garden,
          small_statue_intersection, infiniplex_staircase_pool,
          grunt_megastairs_5, uniq_gastronok
Lair:4:   beast_lair_carwin_large_1, portal_ice_cave_entry_imps, st_stairs_9,
          serial_bayou_lake_a, uniq_nergalle
Lair:5:   lab_entry_generic, minmay_holes, kennysheep_snail_temple
IceCv:    ice_cave_statue_garden_transporter

Skill      XL: |  1  2  3  4  5  6  7  8  9 10 11 12 |
---------------+-------------------------------------+-----
Conjurations   | 2 3 4 5 6 7 |  7.4
Spellcasting   | 3 4 5 |  5.0
Evocations     | 1 2 |  2.0
Stealth        | 3 4 5 |  5.0
Fire Magic     | 3 4 5 6 7 |  7.1
Dodging        | 2 3 4 |  4.0
Fighting       | 2 3 5 |  5.0
Invocations    | 1 4 6 7 |  7.9
Shields        | 6 7 |  7.0
Maces & Flails | 3 4 |  4.2
Crossbows      | 7 12 | 12.9

Action                   |  1- 3 |  4- 6 |  7- 9 | 10-12 | 13-15 || total
-------------------------+-------+-------+-------+-------+-------++-------
Melee: Unarmed           |     4 |       |       |       |       ||     4
       Club              |    22 |    45 |     3 |       |       ||    70
       Flail             |       |       |    97 |   266 |    21 ||   384
 Fire: Arbalest          |       |       |       |   139 |    25 ||   164
 Cast: Flame Tongue      |    87 |   118 |   167 |    70 |     1 ||   443
       Conjure Flame     |       |     6 |     7 |     3 |       ||    16
       Throw Flame       |       |       |    81 |   134 |    26 ||   241
       Sticky Flame      |       |       |    12 |    64 |     5 ||    81
       Fireball          |       |       |       |    11 |     1 ||    12
       Regeneration      |       |       |       |     3 |       ||     3
Invok: Bend Time         |       |       |     1 |     8 |     2 ||    11
       Slouch            |       |       |       |     4 |     1 ||     5
       Temporal Distorti |       |       |       |     1 |       ||     1
Evoke: Wand              |       |    12 |     4 |    19 |     2 ||    37
       Box of beasts     |       |       |       |     1 |     2 ||     3
  Use: Scroll            |     2 |     3 |     9 |    10 |     2 ||    26
       Potion            |       |       |     2 |       |     2 ||     4
 Stab: Sleeping          |     4 |       |     4 |     5 |       ||    13
  Eat: Ration            |     1 |     2 |     1 |     5 |       ||     9
       Chunk             |       |     5 |     7 |     8 |     4 ||    24
Armor: Robe              |     5 |       |       |       |       ||     5
       Leather armour    |       |    21 |    80 |   206 |    43 ||   350
       Skin              |       |       |    22 |       |       ||    22
Dodge: Dodged            |    35 |    72 |   167 |   355 |    48 ||   677
Block: Shield            |       |       |       |   131 |       ||   131

Table legend:
 A = Non-vault XP
 B = Vault XP
 C = Vault XP percentage of total XP
 D = Non-vault monster count
 E = Vault monster count
 F = Vault count percentage of total count
                 A         B        C        D         E       F
            +---------+---------+-------+---------+---------+-------
      Total |   31536 |   13029 |  29.2 |     343 |      77 |  18.3
            +---------+---------+-------+---------+---------+-------
        D:1 |      36 |       0 |   0.0 |      19 |       0 |   0.0
        D:2 |      44 |       9 |  17.0 |      17 |       6 |  26.1
        D:3 |     235 |      40 |  14.5 |      25 |       1 |   3.8
        D:4 |     136 |       0 |   0.0 |      14 |       0 |   0.0
        D:5 |     792 |     289 |  26.7 |      21 |       4 |  16.0
        D:6 |     459 |       4 |   0.9 |      19 |       2 |   9.5
        D:7 |     744 |       0 |   0.0 |      18 |       0 |   0.0
        D:8 |    1513 |       0 |   0.0 |      25 |       0 |   0.0
        D:9 |    2930 |     678 |  18.8 |      35 |       8 |  18.6
       D:10 |    3192 |    1553 |  32.7 |      44 |      16 |  26.7
     Lair:1 |    2156 |       0 |   0.0 |      12 |       0 |   0.0
     Lair:2 |    6128 |       0 |   0.0 |      28 |       0 |   0.0
     Lair:3 |    7454 |    2909 |  28.1 |      44 |       5 |  10.2
     Lair:4 |    4653 |    4857 |  51.1 |      17 |      25 |  59.5
     Lair:5 |    1064 |       0 |   0.0 |       5 |       0 |   0.0
      IceCv |       0 |    2690 | 100.0 |       0 |      10 | 100.0
            +---------+---------+-------+---------+---------+-------
